 Dungeon Crawl Stone Soup version 0.30-a0-1014-g3371b13838 (webtiles) character file.

Game seed: 738386534942670782

1929 Malachi the Vexing (level 9, -4/67 HPs)
             Began as a Gnoll Hexslinger on Apr 6, 2023.
             Was an Elder of Vehumet.
             Shot with an arrow by a centaur (12 damage)
             ... on level 8 of the Dungeon.
             The game lasted 00:15:09 (8688 turns).

Malachi the Vexing (Gnoll Hexslinger)               Turns: 8688, Time: 00:15:11

Health: -4/67      AC:  2    Str:  5    XL:     9   Next: 17%
Magic:  13/16      EV: 14    Int: 16    God:    Vehumet [****..]
Gold:   291        SH:  0    Dex: 14    Spells: 9/18 levels left

rFire   . . .      SeeInvis .    n - +7 arbalest of the Eggplant {speed, Will+}
rCold   + . .      Faith    .    (shield currently unavailable)
rNeg    + . .      Spirit   .    c - +0 robe
rPois   .          Reflect  .    (no helmet)
rElec   +          Rampage  .    (no cloak)
rCorr   +                        (no gloves)
Will    +....                    (no boots)
Stlth   +++                      (no amulet)
HPRegen 0.31/turn                l - ring of wizardry
MPRegen 0.15/turn                o - ring "Jaewiar" {rElec rC+ rN+ rCorr Str-4}

@: lethally poisoned (-4 -> -10)
A: fangs 1, strong nose, distributed training
a: Renounce Religion


You were on level 8 of the Dungeon.
You worshipped Vehumet.
Vehumet was greatly pleased with you.
You visited 1 branch of the dungeon, and saw 8 of its levels.
You also visited: Sewer.

You collected 519 gold pieces.
You spent 228 gold pieces at shops.

Inventory:

Hand Weapons
 k - a +2 dagger of venom
 n - the +7 arbalest of the Eggplant (weapon) {speed, Will+}
   (You bought it in a shop on level 2 of the Dungeon)

   Will:      It increases your willpower.
Armour
 c - a +0 robe (worn)
Jewellery
 f - a ring of willpower
 l - a ring of wizardry (left hand)
 o - the ring "Jaewiar" (right hand) {rElec rC+ rN+ rCorr Str-4}
   (You acquired it on level 5 of the Dungeon)

   [ring of positive energy]

   Str:       It affects your strength (-4).
   rC:        It protects you from cold.
   rElec:     It insulates you from electricity.
   rN:        It protects you from negative energy.
   rCorr:     It protects you from acid and corrosion.
Wands
 p - a wand of iceblast (20)
Scrolls
 b - 3 scrolls of poison
 d - 5 scrolls of teleportation
 m - a scroll of enchant armour
 q - a scroll of blinking
Potions
 a - 2 potions of cancellation {unknown}
 e - 8 potions of flight
 g - 3 potions of mutation
 h - 5 potions of curing
 i - 3 potions of berserk rage {unknown}
 j - 3 potions of might {unknown}
 r - 2 potions of magic {unknown}


   Skills:
 + Level 4.9 Fighting
 + Level 4.1 Short Blades
 + Level 4.1 Long Blades
 + Level 4.1 Axes
 + Level 4.1 Maces & Flails
 + Level 4.1 Polearms
 + Level 4.1 Staves
 + Level 6.2 Ranged Weapons
 + Level 4.1 Throwing
 + Level 4.1 Armour
 + Level 6.2 Dodging
 + Level 4.1 Stealth
 + Level 4.1 Shields
 + Level 4.1 Unarmed Combat
 + Level 5.1 Spellcasting
 + Level 3.4 Conjurations
 + Level 6.5 Hexes
 + Level 3.4 Summonings
 + Level 3.4 Necromancy
 + Level 3.4 Translocations
 + Level 3.4 Transmutations
 + Level 3.4 Fire Magic
 + Level 3.4 Ice Magic
 + Level 3.4 Air Magic
 + Level 3.4 Earth Magic
 + Level 3.4 Poison Magic
 + Level 4.5 Invocations
 + Level 4.1 Evocations


You had 9 spell levels left.
You knew the following spells:

 Your Spells              Type           Power      Damage    Failure   Level
b - Freeze                Ice            56%        1d7       1%          1
c - Poisonous Vapours     Pois/Air       28%        N/A       1%          2
d - Volatile Blastmotes   Fire/Tloc      28%        2d12      1%          3
e - Swiftness             Air            14%        N/A       4%          3

Your spell library contained the following spells:

 Spells                   Type           Power      Damage    Failure   Level
 Shock                    Conj/Air       56%        1d6       1%          1
 Slow                     Hex            96%        N/A       1%          1
 Inner Flame              Hex/Fire       19%        N/A       1%          3
 Blink                    Tloc           28%        N/A       2%          2
 Portal Projectile        Hex/Tloc       38%        N/A       2%          3
 Fulminant Prism          Conj/Hex       9%         3d6       2%          4
 Airstrike                Air            7%         2d(1-17)  4%          4
 Cause Fear               Hex            12%        N/A       4%          4
 Iskenderun's Mystic Bla  Conj/Tloc      14%        2d5       4%          4
 Lee's Rapid Deconstruct  Erth           7%         3d6*      12%         5
 Manifold Assault         Tloc           14%        N/A       16%         4
 Storm Form               Tmut/Air       7%         N/A       100%        7


Dungeon Overview and Level Annotations

Branches:
Dungeon (8/15)             Temple (0/1) D:7           Sewer (visited)
   Lair: D:8-11

Altars:
Cheibriados
Elyvilon
Gozag
Vehumet

Shops:
D:2 (   D:3 :   D:5 [!*

Annotations:
D:4 Dowan


Innate Abilities, Weirdness & Mutations

You have very sharp teeth.
Your uncanny sense of smell can sniff out nearby items.
Your experience applies equally to all skills.


Message History

The concussive blast engulfs the killer bee.
The killer bee is moderately wounded.
The concussive blast engulfs you!
* * * LOW HITPOINT WARNING * * *
The concussive blast engulfs the killer bee.
You kill the killer bee!
Vehumet accepts your kill.
You feel your power returning.
The concussive blast engulfs the killer bee!
You kill the killer bee!
Vehumet accepts your kill.
You are knocked back by the blast.
A killer bee comes into view.
The killer bee moves out of view.
You hear an angry buzzing noise.
You hear a bellow!
You hear a shout! x2
You feel better. The killer bee stings you.
* * * LOW HITPOINT WARNING * * *
A bullfrog comes into view.
The killer bee barely misses you.
You feel much better.
The killer bee stings you but does no damage.
The killer bee barely misses you. x2; The killer bee stings you.
A centaur comes into view.
The centaur wields a +0 shortbow.
The centaur shoots an arrow.
The arrow hits you!
* * * LOW HITPOINT WARNING * * *
The killer bee stings you but does no damage.
Unknown command.
Okay, then.
The centaur shoots an arrow.
The arrow barely misses you. The killer bee stings you.
* * * LOW HITPOINT WARNING * * *
The killer bee attacks as you move away!
The killer bee stings you!
* * * LOW HITPOINT WARNING * * *
You are poisoned.
The killer bee poisons you!
* * * LOW HITPOINT WARNING * * *
You feel sick.
The centaur shoots an arrow.
The arrow hits you!
You die...

..........##
...(.......#
......###†.##
......F##...#
...........## .
..#.y.y.###
.....#.yy#####
....##...y##<##
.......#@.....#
..............#
..c###..#....##
# #####.#.#
##### ∆


You could see a bullfrog, a centaur and 5 killer bees.

Vanquished Creatures
  Duvessa (D:4)
  A water moccasin (D:6)
  2 ice beasts
  A sky beast (D:6)
  A black bear (D:4)
  An ogre (D:5)
  2 phantoms (D:4)
  A scorpion (D:5)
  8 killer bees
  5 howler monkeys (D:7)
  2 hounds
  2 sleepcaps
  An iguana (D:6)
  4 gnolls (D:5)
  18 adders
  4 river rats (Sewer)
  A white imp (D:7)
  An ufetubus (D:5)
  3 worms
  5 dart slugs
  2 orcs
  8 ball pythons
  8 endoplasms
  10 giant cockroaches
  4 goblins
  6 hobgoblins
  5 jackals
  5 kobolds
  8 quokkas
  10 bats
  6 frilled lizards
  7 rats
143 creatures vanquished.

Vanquished Creatures (others)
  A plant (D:1)
1 creature vanquished.

Grand Total: 144 creatures vanquished

Notes
Turn   | Place    | Note
-------+----------+-------------------------------------------
     0 | D:1      | Malachi the Gnoll Hexslinger began the quest for the Orb.
     0 | D:1      | Reached XP level 1. HP: 17/17 MP: 4/4
   152 | D:1      | Reached XP level 2. HP: 13/23 MP: 5/5
   240 | D:1      | Found a faded altar of an unknown god.
   372 | D:1      | Prayed at the altar of an unknown god.
   372 | D:1      | Became a worshipper of Vehumet
   372 | D:1      | Reached * piety under Vehumet
   372 | D:1      | Offered knowledge of Freeze by Vehumet.
   491 | D:1      | Learned a level 1 spell: Freeze
   494 | D:1      | Reached XP level 3. HP: 28/28 MP: 7/7
   637 | D:2      | Reached skill level 1 in Invocations
   709 | D:2      | Found Ryhi's Antique Weapon Shop.
  1214 | D:3      | Reached skill level 1 in Short Blades
  1214 | D:3      | Reached skill level 1 in Long Blades
  1214 | D:3      | Reached skill level 1 in Axes
  1214 | D:3      | Reached skill level 1 in Maces & Flails
  1214 | D:3      | Reached skill level 1 in Polearms
  1214 | D:3      | Reached skill level 1 in Staves
  1214 | D:3      | Reached skill level 1 in Throwing
  1214 | D:3      | Reached skill level 1 in Armour
  1214 | D:3      | Reached skill level 1 in Stealth
  1214 | D:3      | Reached skill level 1 in Shields
  1214 | D:3      | Reached skill level 1 in Unarmed Combat
  1214 | D:3      | Reached skill level 1 in Evocations
  1385 | D:3      | Found a glowing drain.
  1390 | Sewer    | Entered a sewer
  1403 | Sewer    | Reached XP level 4. HP: 21/34 MP: 1/8
  1664 | Sewer    | Offered knowledge of Foxfire by Vehumet.
  1667 | Sewer    | Reached ** piety under Vehumet
  1668 | Sewer    | Reached skill level 1 in Conjurations
  1668 | Sewer    | Reached skill level 1 in Summonings
  1668 | Sewer    | Reached skill level 1 in Necromancy
  1668 | Sewer    | Reached skill level 1 in Translocations
  1668 | Sewer    | Reached skill level 1 in Transmutations
  1668 | Sewer    | Reached skill level 1 in Fire Magic
  1668 | Sewer    | Reached skill level 1 in Ice Magic
  1668 | Sewer    | Reached skill level 1 in Air Magic
  1668 | Sewer    | Reached skill level 1 in Earth Magic
  1668 | Sewer    | Reached skill level 1 in Poison Magic
  1834 | Sewer    | Reached XP level 5. HP: 21/40 MP: 1/9
  2968 | D:3      | Offered knowledge of Poisonous Vapours by Vehumet.
  2969 | D:3      | Reached XP level 6. HP: 47/47 MP: 11/11
  2972 | D:3      | Learned a level 2 spell: Poisonous Vapours
  3035 | D:3      | Found Sumu's Vocational Training.
  3978 | D:4      | Reached *** piety under Vehumet
  3979 | D:4      | Reached skill level 5 in Ranged Weapons
  3979 | D:4      | Reached skill level 5 in Dodging
  4091 | D:4      | Noticed a black bear
  4583 | D:4      | Killed a black bear
  4584 | D:4      | Reached XP level 7. HP: 48/52 MP: 1/12
  4674 | D:4      | Noticed Duvessa
  4708 | D:4      | Noticed Dowan
  4720 | D:4      | Killed Duvessa
  5395 | D:4      | Found a white marble altar of Elyvilon.
  5734 | D:2      | Bought a pitted arbalest for 228 gold pieces
  5734 | D:2      | Identified the +7 arbalest of the Eggplant {speed, Will+}
                  | (You bought it in a shop on level 2 of the Dungeon)
  5895 | D:4      | Identified the +1 war axe of Eternal Harmony {holy, rF+
                  | Str+2 Dex+2}
  6184 | D:5      | Entered Level 5 of the Dungeon
  6237 | D:5      | Offered knowledge of Volatile Blastmotes by Vehumet.
  6261 | D:5      | Found an opulent altar of Gozag.
  6310 | D:5      | Reached XP level 8. HP: 60/60 MP: 14/14
  6317 | D:5      | Learned a level 3 spell: Volatile Blastmotes
  6321 | D:5      | Learned a level 3 spell: Swiftness
  6321 | D:5      | Identified a scroll of acquirement
  6321 | D:5      | Acquired the ring "Jaewiar" {rElec rC+ rN+ rCorr Str-4}
  6461 | D:5      | Found Ufoetsump's Armour Shop.
  6463 | D:5      | Found Lasuxoas's Distillery.
  6463 | D:5      | Found Hicobb's Assorted Antiques.
  6797 | D:6      | Found a snail-covered altar of Cheibriados.
  7890 | D:7      | Reached XP level 9. HP: 54/67 MP: 14/16
  7894 | D:7      | Reached skill level 5 in Spellcasting
  8324 | D:7      | Found a staircase to the Ecumenical Temple.
  8429 | D:7      | Found a radiant altar of Vehumet.
  8445 | D:7      | Reached **** piety under Vehumet
  8683 | D:8      | HP: 1/67 [shot self (13)]
  8688 | D:8      | Shot with an arrow by a centaur

Illustrated notes

Levels and vault maps discovered:
D:1:      matt_arrival_refuge, layout_basic, shapermc_ecumenical_altar_petra,
          minmay_tree_intersection
D:2:      layout_loops_ring, serial_shops, nicolae_square_shop
D:3:      layout_basic, gup_sewer_entry_spiral, nicolae_shop_vocational
D:4:      layout_loops_cross, elyvilon_altar_1, chequers_jeans,
          kennysheep_generic_room_8, uniq_duvessa
D:5:      layout_cave_pools, mainiacjoe_overflow_concentric_impassable,
          nicolae_wooded_promenade
D:6:      layout_basic, mainiacjoe_overflow_surrounded_room
D:7:      layout_loops_corners, nicolae_vehumet_altar_sigil,
          minmay_temple_entry_nine_rooms
D:8:      layout_cave_pools, enter_bailey_5, serial_shops,
          nicolae_shop_hallway_plus, nicolae_shop_crystal,
          nicolae_inconvenience_store, dilly_guarded_unrand_elemental_staff

Skill      XL: |  1  2  3  4  5  6  7  8  9 |
---------------+----------------------------+-----
Invocations    | 1 2 3 4 |  4.5
Short Blades   | 1 2 3 4 |  4.1
Long Blades    | 1 2 3 4 |  4.1
Axes           | 1 2 3 4 |  4.1
Maces & Flails | 1 2 3 4 |  4.1
Polearms       | 1 2 3 4 |  4.1
Staves         | 1 2 3 4 |  4.1
Throwing       | 1 2 3 4 |  4.1
Armour         | 1 2 3 4 |  4.1
Stealth        | 1 2 3 4 |  4.1
Shields        | 1 2 3 4 |  4.1
Unarmed Combat | 1 2 3 4 |  4.1
Evocations     | 1 2 3 4 |  4.1
Spellcasting   | 3 4 5 |  5.1
Conjurations   | 1 2 3 |  3.4
Summonings     | 1 2 3 |  3.4
Necromancy     | 1 2 3 |  3.4
Translocations | 1 2 3 |  3.4
Transmutations | 1 2 3 |  3.4
Fire Magic     | 1 2 3 |  3.4
Ice Magic      | 1 2 3 |  3.4
Air Magic      | 1 2 3 |  3.4
Earth Magic    | 1 2 3 |  3.4
Poison Magic   | 1 2 3 |  3.4
Fighting       | 3 4 |  4.9
Ranged Weapons | 5 6 |  6.2
Dodging        | 5 6 |  6.2
Hexes          | 6 |  6.5

Action                     |  1- 3 |  4- 6 |  7- 9 || total
---------------------------+-------+-------+-------++-------
  Melee: Dagger            |     2 |    25 |    17 ||    44
         Bite              |       |     5 |     4 ||     9
         Unarmed           |       |     9 |       ||     9
   Fire: Sling             |   105 |   136 |    55 ||   296
         Arbalest          |       |       |    90 ||    90
   Cast: Slow              |    13 |       |       ||    13
         Freeze            |    10 |    41 |       ||    51
         Poisonous Vapours |       |    13 |     1 ||    14
         Volatile Blastmot |       |       |     4 ||     4
         Swiftness         |       |       |     1 ||     1
    Use: Scroll            |     2 |     4 |     8 ||    14
         Potion            |       |     4 |     2 ||     6
 Armour: Robe              |    13 |    32 |    13 ||    58
         Skin              |       |    44 |       ||    44
  Dodge: Dodged            |    37 |   118 |    54 ||   209

Table legend: (Time is in decaauts)
 A = Elapsed time spent in this place.
 B = Non-inter-level travel time spent in this place.
 C = Inter-level travel time spent in this place.
 D = Time resting spent in this place.
 E = Time spent auto-exploring this place.
 F = Levels seen in this place.
 G = Mean time per level.
                   A        B        C        D        E       F      G
               +--------+--------+--------+--------+--------+-----+--------+
         Total |   8927 |   8529 |    398 |   2172 |   4997 |   9 |  991.9 |
       Dungeon |   7274 |   6876 |    398 |   1418 |   4509 |   8 |  909.2 |
         Sewer |   1653 |   1653 |      0 |    754 |    488 |   1 | 1653.0 |
               +--------+--------+--------+--------+--------+-----+--------+

Top non-repeatable levels by time:
     D:4: 2179 daAuts
   Sewer: 1653 daAuts
     D:3: 1358 daAuts
     D:6: 978 daAuts
     D:7: 955 daAuts
     D:1: 616 daAuts
     D:2: 611 daAuts
     D:5: 516 daAuts
     D:8: 58 daAuts
